 Dungeon Crawl Stone Soup version bcrawl-1.28 (webtiles) character file.

Game seed: 448435051917232975

319103 MisterOstroum the Slicer (level 9, -2/52 HPs)
             Began as a Mana Stalker Archaeologist on Nov 20, 2020.
             Was a Priest of Wu Jian.
             Slain by an orc warrior
             ... wielding a +0 long sword
              (8 damage)
             ... on level 6 of the Dungeon.
             The game lasted 00:27:25 (5220 turns).

MisterOstroum the Slicer (VSAc)                     Turns: 5220, Time: 00:27:26

Health: -2/52      AC:  6    Str: 14    XL:     9   Next: 49%
Magic:  12/12      EV:  8    Int: 14    God:    Wu Jian [***...]
Gold:   316        SH: 10    Dex: 19    Spells: 8/8 levels left

rFire    + . .     SeeInvis .   a - +6 rapier "Hoev" {freeze, rElec Dex+3}
rCold    + . .     Gourm    .   f - +2 medium shield {rC+ rF+}
rNeg     . . .     Faith    .   k - +0 leather armour
rPois    .         Spirit   .   C - +1 hat
rElec    +         Reflect  .   (no cloak)
rCorr    .         Harm     .   (no gloves)
MR       ++...                  d - +1 pair of boots
Stlth    +++++.....             (no amulet)
HPRegen  0.57/turn              s - ring of protection from magic
MPRegen  0.13/turn              Q - ring of stealth

@: exhausted, lightly drained
A: fangs 3, magic resistance 1, regeneration 1, antimagic bite, no potion heal
3, rot immunity, strong jaws
a: Wall Jump, Serpent's Lash, Renounce Religion


You were on level 6 of the Dungeon.
You worshipped Wu Jian.
Wu Jian was most pleased with you.
You were near starving.

You visited 2 branches of the dungeon, and saw 7 of its levels.

You collected 484 gold pieces.
You spent 168 gold pieces at shops.

Inventory:

Hand Weapons
 a - the +6 rapier "Hoev" (weapon) {freeze, rElec Dex+3}
   (You acquired it on level 6 of the Dungeon)

   It has been specially enchanted to freeze those struck by it, increasing
   damage dealt by approximately one third against foes not resistant or
   susceptible to cold, and potentially slowing cold-blooded foes.
   It affects your dexterity (+3).
   It insulates you from electricity.
 b - a +0 hunting sling
 c - a +0 whip of venom
 r - a +0 short sword
 H - a +0 dagger
Missiles
 h - 621 arrows
 o - 1506 stones (quivered)
 p - 147 bolts
 A - 335 sling bullets
 S - 145 javelins
Armour
 d - a +1 pair of boots (worn)
 f - a +2 medium shield of resistance (worn)
 k - a +0 leather armour (worn)
 C - a +1 hat (worn)
 O - the +3 scale mail "Fitirch" {Str+4}
   (You found it on level 5 of the Dungeon)

   It affects your strength (+4).
Jewellery
 i - an uncursed ring of poison resistance {unknown}
 s - a ring of protection from magic (left hand)
 u - a +5 ring of intelligence
 w - an uncursed ring of magical power
 K - an uncursed ring of magical power
 Q - a ring of stealth (right hand)
Wands
 y - a wand of flame (9)
 B - a wand of random effects (5)
Scrolls
 g - a scroll of magic mapping {@r5 !r}
 j - 2 scrolls of teleportation {unknown}
 n - 5 scrolls of remove curse {unknown}
 q - 2 scrolls of enchant armour {unknown}
 t - a scroll of enchant weapon {unknown}
 v - a scroll of fear {unknown}
 z - 2 scrolls of blinking {unknown}
 N - a scroll of torment {unknown}
 P - a scroll of amnesia {unknown}
Potions
 l - a potion of mutation {unknown}
 m - 4 potions of curing
 D - a potion of lignification {@q6}
 E - a potion of brilliance {unknown}
 F - 2 potions of might
 G - a potion of ambrosia
 I - a potion of haste {@q4 !q}
 J - 2 potions of magic
 L - 2 potions of agility {@q5 !q}
 M - a potion of flight {unknown}
Comestibles
 e - 10 rations {!d}


   Skills:
 * Level 4.5(4.0) Fighting
 * Level 9.6(9.0) Short Blades
 - Level 0.8(0.4) Maces & Flails
 + Level 3.6(3.1) Dodging
 + Level 4.8(4.3) Stealth
 + Level 1.3(0.9) Shields
 - Level 3.0(2.5) Evocations


You had 8 spell levels left.
You didn't know any spells.
Your spell library contained the following spells:

 Spells                   Type           Power        Failure   Level  Hunger
 Corona                   Hex            #......      100%        1    None
 Ensorcelled Hibernation  Hex/Ice        #.....       100%        2    ####...
 Confuse                  Hex            #.......     100%        3    #####..
 Dazzling Orbs            Conj/Hex       #......      100%        3    #####..
 Tukima's Dance           Hex            #.......     100%        3    #####..


Dungeon Overview and Level Annotations

Branches:
Dungeon (6/12)             Temple (1/1) D:4

Altars:
Fedhas
Ru
Trog
Wu Jian
Yredelemnul
The Shining One

Shops:
D:4 !   D:5 =


Innate Abilities, Weirdness & Mutations

You have razor-sharp teeth.
You are resistant to hostile enchantments. (MR+)
Your natural rate of healing is unusually fast.
Your bite disrupts and absorbs the magic of your enemies.
Potions cannot restore your health.
You are immune to rotting.
Your bites deal extra damage.


Message History

You are starving!
You are too hungry to fight recklessly!
You are too hungry to fight recklessly!
You are too hungry to fight recklessly!
You are too hungry to fight recklessly!
You are too hungry to fight recklessly!
You are too hungry to fight recklessly!
You are too hungry to fight recklessly!
You are too hungry to fight recklessly!
You are too hungry to fight recklessly!
You need to eat something NOW!
You need to eat something NOW!
You are too hungry to fight recklessly!
You hit the hungry ghost but do no damage.
The hungry ghost is almost destroyed.
You block the hungry ghost's attack.
There is a stone staircase leading down here.
You hit the hungry ghost. You bite the hungry ghost.
You destroy the hungry ghost!
The Council accepts your kill.
Okay, then.
There is a stone staircase leading up here.
The ogre shouts!
The orc wizard shouts!
You hear a shout!
You lunge at the ogre.
You hit the ogre but do no damage. You bite the ogre, but do no damage.
You block the ogre's attack.
You hit the ogre. Your bite misses the ogre.
The ogre is lightly wounded.
The orc wizard gestures at you while chanting.
You resist with almost no effort.
You puncture the ogre! You freeze the ogre.
The ogre is heavily wounded.
The ogre hits you with a +0 giant club.
You hit the ogre. You freeze the ogre.
The ogre is severely wounded.
The ogre hits you with a +0 giant club!!
You hit the ogre. You freeze the ogre. Your bite misses the ogre.
The ogre is almost dead.
Unknown command.
You puncture the ogre!
You kill the ogre!
The Council accepts your kill.
The orc wizard casts a cantrip, but nothing happens.
Things that are here:
a +0 giant club; an ogre corpse You butcher the ogre corpse.
Eat a chunk of flesh? (ye/n/q)
You eat the chunk of flesh.
This raw flesh tastes terrible.
You are feeling very hungry.
You closely miss the orc wizard. You bite the orc wizard.
The orc wizard's magic leaks into the air.
You drain its magic.
The orc wizard is lightly wounded.
The orc wizard falters for a moment.
You are near starving!
You barely miss the orc wizard.
The orc wizard is lightly wounded.
The orc wizard hits you but does no damage.
You puncture the orc wizard! You freeze the orc wizard.
You kill the orc wizard!
The Council accepts your kill.
An orc comes into view. It is wielding a +0 dagger.
You lunge at the orc warrior.
Your shield prevents you from hitting the orc warrior.
You block the orc warrior's attack.
Things that are here:
a +0 club; a +0 robe; an orc corpse
Things that are here:
a +0 giant club; an ogre skeleton
Okay, then.
You see here 89 arrows.
You spin and attack the orc warrior.
You hit the orc warrior. You freeze the orc warrior. You bite the orc warrior.
You drain its power.
The orc warrior is moderately wounded.
You block the orc warrior's attack.
The orc warrior hits you with a +0 long sword!!
There is a stone staircase leading down here.
Your muscles tense, ready for explosive movement...
You lunge with incredible momentum at the orc warrior.
You puncture the orc warrior! You freeze the orc warrior.
Your bite misses the orc warrior.
The orc warrior is severely wounded.
There is a stone staircase leading down here.
You feel drained.
Your supernatural speed expires.
Aiming: Wall Jump
Press: ? - help, Dir - move target cursor You repeatedly attack the orc warrior from above.
You barely miss the orc warrior.
You bite the orc warrior, but do no damage.
The orc warrior is severely wounded.
You closely miss the orc warrior.
The orc warrior is severely wounded.
The orc warrior hits you with a +0 long sword!
* * * LOW HITPOINT WARNING * * *
You block the orc warrior's attack.
You hit the orc warrior. You freeze the orc warrior.
You bite the orc warrior, but do no damage.
The orc warrior is almost dead.
The orc warrior hits you with a +0 long sword!
You die...

...............#..#
###..####^#####.#.#
#..# #. #.#.#
###..####.### #.#.#
............# #.#.#
###..####.#.###.#.#
###..####.#.......#
.............###o##
..#.#######.## #@#
#.#o# #.....# #.#
#.#.# #.##### #.#
#.#.# #.# #.#
#.#!###.# #.#
......<.# #.#
......##########.#
...........))(...#
.....^############


You could see an orc warrior.

Vanquished Creatures
  Grinder (D:6)
  A hippogriff (D:6)
  A hungry ghost (D:6)
  2 sky beasts
  A phantom (D:2)
  2 ice beasts
  2 ogres
  An eye of draining (D:6)
  A big kobold (D:6)
  Blork the orc (D:5)
  3 scorpions
  A wight (D:6)
  An electric eel (D:6)
  3 crimson imps
  A centaur zombie (D:5)
  A jelly (D:6)
  A quasit (D:3)
  A centaur skeleton (D:3)
  3 orc priests (D:5)
  A bullfrog skeleton (D:4)
  3 hounds
  An iguana (D:5)
  2 orc wizards
  4 worker ants
  A hound zombie (D:5)
  3 worker ant zombies
  9 adders
  2 shadow imps (D:6)
  An ooze (D:3)
  An adder zombie (D:6)
  2 adder skeletons
  2 worms (D:2)
  3 dart slugs
  7 leopard geckos
  14 orcs
  5 bats
  5 giant cockroaches
  6 goblins
  9 hobgoblins
  7 jackals
  5 quokkas
  5 frilled lizards
  13 kobolds
  12 rats
151 creatures vanquished.

Notes
Turn   | Place    | Note
-------+----------+-------------------------------------------
     0 | D:1      | MisterOstroum the Vine Stalker Archaeologist began the
                  | quest for the Orb.
     0 | D:1      | Reached XP level 1. HP: 11/11 MP: 2/2
     8 | D:1      | Reached skill level 1 in Fighting
    31 | D:1      | Found a basalt altar of Yredelemnul.
   175 | D:1      | Reached XP level 2. HP: 16/17 MP: 3/3
   388 | D:1      | Reached skill level 1 in Short Blades
   536 | D:1      | Reached XP level 3. HP: 21/21 MP: 4/4
   673 | D:2      | Noticed a phantom
   794 | D:2      | Reached skill level 2 in Short Blades
   809 | D:2      | Found an ornate altar of the Wu Jian Council.
   818 | D:2      | Became a worshipper of the Wu Jian Council
  1032 | D:3      | Reached XP level 4. HP: 26/26 MP: 5/5
  1050 | D:3      | Found a glowing golden altar of the Shining One.
  1102 | D:3      | Noticed an ice beast
  1138 | D:3      | Killed an ice beast
  1138 | D:3      | Reached skill level 3 in Short Blades
  1138 | D:3      | Reached XP level 5. HP: 32/32 MP: 6/6
  1138 | D:3      | Identified a scroll of acquirement
  1288 | D:3      | Reached * piety under Wu Jian
  1416 | D:3      | Gained mutation: You have razor-sharp teeth. [Vine Stalker
                  | growth]
  1416 | D:3      | Reached XP level 6. HP: 27/37 MP: 7/7
  1510 | D:3      | Reached skill level 4 in Short Blades
  1727 | D:3      | Found a bloodstained altar of Trog.
  1740 | D:3      | Reached XP level 7. HP: 42/42 MP: 8/8
  2118 | D:2      | Reached skill level 5 in Short Blades
  2296 | D:2      | Reached ** piety under Wu Jian
  2333 | D:2      | Found a blossoming altar of Fedhas.
  2488 | D:4      | Reached skill level 6 in Short Blades
  2544 | D:4      | Found a staircase to the Ecumenical Temple.
  2573 | Temple   | Entered the Ecumenical Temple
  2655 | D:4      | Found Qinnihe's Distillery.
  2661 | D:4      | Bought a potion of might for 48 gold pieces
  2661 | D:4      | Bought a potion of haste for 120 gold pieces
  3027 | D:4      | Gained mutation: Your bite disrupts and absorbs the magic
                  | of your enemies. [Mana Stalker growth]
  3027 | D:4      | Gained mutation: You are resistant to hostile enchantments.
                  | (MR+) [Mana Stalker growth]
  3027 | D:4      | Reached XP level 8. HP: 31/48 MP: 9/9
  3411 | D:5      | Entered Level 5 of the Dungeon
  3445 | D:5      | Reached skill level 7 in Short Blades
  3639 | D:5      | Found Aniubism's Jewellery Shop.
  3757 | D:5      | Got a scorched scale mail
  4071 | D:5      | Found a sacrificial altar of Ru.
  4220 | D:5      | Noticed Blork the orc
  4339 | D:6      | Reached *** piety under Wu Jian
  4355 | D:6      | Noticed a hippogriff
  4366 | D:6      | Reached skill level 8 in Short Blades
  4373 | D:6      | Killed a hippogriff
  4373 | D:6      | Reached skill level 1 in Evocations
  4473 | D:6      | Reached XP level 9. HP: 52/52 MP: 11/11
  4624 | D:5      | Killed Blork the orc
  4699 | D:6      | Reached skill level 9 in Short Blades
  4854 | D:6      | Noticed Grinder
  4910 | D:6      | Identified the +11 bardiche of Wisisiup {speed, MR+} (You
                  | acquired it on level 6 of the Dungeon)
  4910 | D:6      | Identified the amulet of Jitit {RegenMP +Inv rC++ rN+
                  | Dex-4} (You acquired it on level 6 of the Dungeon)
  4928 | D:6      | Identified the +3 scale mail "Fitirch" {Str+4} (You found
                  | it on level 5 of the Dungeon)
  4986 | D:6      | Killed Grinder
  5043 | D:6      | Reached skill level 1 in Shields
  5056 | D:6      | Identified the +6 rapier "Hoev" {freeze, rElec Dex+3} (You
                  | acquired it on level 6 of the Dungeon)
  5220 | D:6      | Slain by an orc warrior

Skill      XL: |  1  2  3  4  5  6  7  8  9 |
---------------+----------------------------+-----
Fighting       | 1 2 3 4 |  4.5
Short Blades   | 1 2 3 4 6 8 9 |  9.6
Evocations     | 2 3 |  3.0
Shields        | 1 |  1.3
Maces & Flails | |  0.8
Dodging        | |  3.6
Stealth        | |  4.8

Action                   |  1- 3 |  4- 6 |  7- 9 || total
-------------------------+-------+-------+-------++-------
Melee: Whip              |    28 |    64 |    41 ||   133
       Bite              |    20 |    19 |    77 ||   116
       Dagger            |   109 |   122 |    28 ||   259
       Rapier            |       |       |   252 ||   252
       Short sword       |       |       |    16 ||    16
 Fire: Hunting sling     |       |       |    44 ||    44
Throw: Stone             |    15 |     3 |    25 ||    43
Invok: Lunge             |     3 |    12 |    26 ||    41
       Whirlwind         |     2 |    37 |    19 ||    58
 Abil: Wall Jump         |       |     4 |     4 ||     8
       Serpent's Lash    |       |       |     3 ||     3
Evoke: Wand              |       |     5 |     8 ||    13
  Use: Scroll            |       |     1 |     8 ||     9
 Stab: Sleeping          |     9 |     4 |    12 ||    25
  Eat: Chunk             |     4 |     7 |    20 ||    31
Armor: Robe              |    15 |       |       ||    15
       Leather armour    |    15 |    55 |    59 ||   129
Dodge: Dodged            |    73 |    97 |   114 ||   284
Block: Buckler           |       |    31 |    31 ||    62
       Medium shield     |       |       |    15 ||    15
